[Event "Late-Titled-Tuesday-Blitz-March-19-2024"]
[Site "Chess.com"]
[Date "2024.03.19"]
[Round "6"]
[White "BilodeauA"]
[Black "Lukianoo"]
[Result "0-1"]
[WhiteElo "3047"]
[BlackElo "2854"]
[TimeControl "180+1"]
[EndTime "15:06:26 PDT"]
[Termination "Lukianoo won by resignation"]

1. e4 c6 2. d4 d5 3. e5 c5 4. dxc5 e6 5. c3 Bxc5 6. Qg4 Ne7 7. b4 Bb6 8. Qxg7 Rg8 9. Qxh7 Nbc6 10. Nf3 Qc7 11. Na3 a6 12. Be2 Nxe5 13. O-O Nxf3+ 14. Bxf3 Qxc3 15. Rb1 Rh8 16. Qc2 Qxc2 17. Nxc2 e5 18. g3 Bf5 19. Rb2 Rc8 20. Ne3 Be6 21. Bd2 e4 22. Bg2 d4 23. Nc2 f5 24. Bg5 Nd5 25. h4 Kf7 26. Kh2 Rc4 27. a3 Rhc8 28. Na1 d3 29. Nb3 Rc2 30. Rxc2 Rxc2 31. Nd2 e3 32. Nf3 e2 33. Ra1 Bc7 34. Ne1 d2 35. Bxd2 Rxd2 36. Nf3 Rd1 37. Ra2 e1=Q 38. Nxe1 Rxe1 39.
Rd2 Nf6 40. Rc2 Bd6 41. Bxb7 Ng4+ 42. Kg2 Kf6 43. Bxa6 Bd5+ 44. f3 Ne5 45. Be2 Rxe2+ 46. Rxe2 Bxf3+ 47. Kf2 Bxe2 48. Kxe2 Nc4 49. Kf3 Ne5+ 50.
Ke3 Ng4+ 51. Kf3 Kg6 52. Ke2 Bxg3 53. Kf3 Bxh4 54. b5 Bd8 55. a4 Kf6 56. Kf4 Bc7+ 57.
Kf3 Ke5 58. Ke2 Nf6 59. Kd3 Nd5 60. Kc4 Bb6 61. Kd3 f4 62. Ke2 Ke4 0-1

[Event "Late-Titled-Tuesday-Blitz-March-19-2024"]
[Site "Chess.com"]
[Date "2024.03.19"]
[Round "6"]
[White "GodzillaChessYoutube"]
[Black "Statham_01"]
[Result "1-0"]
[WhiteElo "2701"]
[BlackElo "2569"]
[TimeControl "180+1"]
[EndTime "15:06:26 PDT"]
[Termination "GodzillaChessYoutube won by checkmate"]

1. d4 Nf6 2. Bf4 c5 3. dxc5 Nc6 4.
Nf3 g6 5. Nc3 Qa5 6. Qd2 Qxc5 7.
e4 Bg7 8. a3 Ng4 9. Bd3 d6 10. h3 Nge5 11. Nxe5 Nxe5 12. Bb5+ Bd7 13. Be3 Nc4 14. Bxd7+ Kxd7 15. Bxc5 Nxd2 16. Kxd2 dxc5 17.
Nd5 e6 18. Ne3 Kc6 19. c3 b5 20. Kc2 a5 21. a4 b4 22. Nc4 Rhd8 23. Rhd1 Bf6 24. Rxd8 Bxd8 25. Ne5+ Kb7 26. Nxf7 Bc7 27. Ng5 c4 28. Nxe6 b3+ 29. Kd2 Bd6 30. Ke2 Re8 31.
Nd4 Rxe4+ 32. Kf3 Rf4+ 33. Ke3 Rf6 34. Rd1 Bc5 35. f4 Re6+ 36. Kf3 Rd6 37. Ke4 Kb6 38. Rd2 Rd8 39. Nf3 Rxd2 40. Nxd2 Kc6 41. Nxc4 Bf8 42. Nxa5+ Kc5 43. Nxb3+ Kc4 44. Nd2+ Kc5 45. b4+ Kb6 46. a5+ Kb5 47. Kd3 Bg7 48. Nf3 Ka6 49. Nd4 h6 50. Kc4 Bh8 51. f5 g5 52. Ne6 h5 53. Nc5+ Ka7 54. Ne4 g4 55. hxg4 h4 56. f6 h3 57. gxh3 Ka6 58. f7 Bd4 59. f8=Q Bc5 60. Qa8+ Ba7 61. Nc5# 1-0

[Event "Late-Titled-Tuesday-Blitz-March-19-2024"]
[Site "Chess.com"]
[Date "2024.03.19"]
[Round "6"]
[White "TregubovP"]
[Black "MetiForce"]
[Result "0-1"]
[WhiteElo "2679"]
[BlackElo "2919"]
[TimeControl "180+1"]
[EndTime "15:06:28 PDT"]
[Termination "MetiForce won on time"]

1. e4 e5 2. Nf3 Nc6 3. Bc4 Bc5 4. d3 Nf6 5. Nc3 h6 6. h3 d6 7. Na4 a6 8. Nxc5 dxc5 9. a4 Qd6 10. O-O Be6 11.
Nd2 Nd7 12. a5 O-O 13. Bxe6 Qxe6 14. Nc4 b5 15. axb6 cxb6 16. f4 exf4 17. Bxf4 f5 18. exf5 Rxf5 19. Qe1 Qf6 20. Bg3 b5 21. Rxf5 Qxf5 22.
Nd6 Qg6 23. Qe4 Qxe4 24. Nxe4 Nb4 25. Rc1 a5 26. Bd6 Rc8 27. Kf1 Rc6 28. Ke2 Nf6 29. Nxf6+ gxf6 30. Bf4 h5 31. c3 Re6+ 32. Kd2 Nd5 33.
Rf1 c4 34. dxc4 bxc4 35. Bg3 Kf7 36. Rf5 Ne3 37. Rf2 Re4 38. Bc7 Nd5 39. Bxa5 Re8 40. Rf5 Ne3 41. Rxh5 Nxg2 42. Bb6 Nf4 43. Rh4 Re2+ 44.
Kd1 Re4 45. Bc7 Re7 46. Rxf4 Rxc7 47. h4 Ke6 48. Kd2 Ke5 49. Rd4 f5 50. Ke3 Rb7 51. Rxc4 Rxb2 52. Kf3 Rb1 53. Kg3 Rg1+ 54. Kh2 Rg8 55.
h5 f4 56. Kh3 f3 0-1

[Event "Late-Titled-Tuesday-Blitz-March-19-2024"]
[Site "Chess.com"]
[Date "2024.03.19"]
[Round "6"]
[White "dropstoneDP"]
[Black "TigrVShlyape"]
[Result "1/2-1/2"]
[WhiteElo "2991"]
[BlackElo "2940"]
[TimeControl "180+1"]
[EndTime "15:06:30 PDT"]
[Termination "Game drawn - insufficient material"]

1. e4 c5 2. Nf3 e6 3. d4 cxd4 4. Nxd4 a6 5. c3 d6 6. g3 Nf6 7. Bg2 Be7 8. O-O O-O 9. a4 Nc6 10. Nxc6 bxc6 11. a5 Rb8 12. b4 e5 13. Be3 Be6 14. Nd2 c5 15. bxc5 dxc5 16. Qe2 Ng4 17. Nc4 Bxc4 18. Qxc4 Nxe3 19. fxe3 Qd2 20. Rad1 Qxe3+ 21. Kh1 Rb5 22. Rf3 Qh6 23. Rdf1 Bf6 24. Ra1 Rd8 25. Rd3 Rdb8 26. Rad1 Qh5 27. Bf3 Qh3 28. Rd7 Qe6 29. Qxe6 fxe6 30. Bg4 Rxa5 31. Bxe6+ Kh8 32. Rc7 Rab5 33. h4 h6 34. Kg2 R5b6 35.
Bc4 a5 36. Ra7 Rb2+ 37. Kh3 Rc2 38. Rd3 h5 39. Bf7 Rbb2 40. Bxh5 Kh7 41. Bf7 Rh2+ 42. Kg4 Rbg2 43. Kf5 Rh3 44. Rxa5 Rhxg3 45. Rxg3 Rxg3 46. Rxc5 Bxh4 47. Rxe5 Rf3+ 48. Kg4 Rxf7 49. Kxh4 Rc7 50. Kg4 Rxc3 51. Re8 Kg6 52. Re6+ Kf7 53. Ra6 Rc5 54. Kf4 g5+ 55. Kg4 Re5 56. Rb6 Rxe4+ 57. Kxg5 Re6 58. Rxe6 Kxe6 1/2-1/2

[Event "Late-Titled-Tuesday-Blitz-March-19-2024"]
[Site "Chess.com"]
[Date "2024.03.19"]
[Round "6"]
[White "Cambek64"]
[Black "tylityli"]
[Result "0-1"]
[WhiteElo "2487"]
[BlackElo "2337"]
[TimeControl "180+1"]
[EndTime "15:06:30 PDT"]
[Termination "tylityli won by resignation"]

1. e4 e5 2. Nf3 Nc6 3. Bb5 a6 4. Bxc6 dxc6 5. d4 exd4 6. Qxd4 Qxd4 7. Nxd4 Bd7 8. Be3 O-O-O 9. Nd2 Ne7 10. O-O-O Ng6 11.
f3 h5 12. Rhe1 h4 13. Nf5 Bxf5 14. exf5 Ne7 15. Bg5 f6 16. Bf4 Nxf5 17. Ne4 Bd6 18. Nxd6+ Nxd6 19. Re7 Rd7 20. Rxd7 Kxd7 21. c4 c5 22. b3 g5 23. Be3 b6 24. Kd2 h3 25.
g4 Kc6 26. Ke2 b5 27. cxb5+ axb5 28. Rc1 c4 29. a4 Ra8 30. axb5+ Kxb5 31. bxc4+ Nxc4 32. Bd4 Ra2+ 33. Kd3 Ra3+ 34. Ke4 Nd2+ 35. Kd5 Nxf3 36.
Rb1+ Ka6 37. Bxf6 Nxh2 38. Kc6 Nxg4 39. Rb8 Ka7 40. Rb7+ Ka6 41. Rb8 Ka7 42. Rb7+ Ka8 43. Bxg5 Rc3+ 44. Kd5 Kxb7 45. Kd4 Rc2 46. Kd3 h2 47.
Kxc2 h1=Q 48. Kd3 Qc6 49. Ke2 Qg6 50. Kf3 c6 51. Kg3 Qxg5 52. Kf3 c5 53. Ke4 Kc6 54. Kd3 Kd5 55. Kc3 c4 56. Kb4 Qc1 57. Kb5 Qb2+ 58.
Ka6 c3 0-1

[Event "Late-Titled-Tuesday-Blitz-March-19-2024"]
[Site "Chess.com"]
[Date "2024.03.19"]
[Round "6"]
[White "mishanick"]
[Black "moro182"]
[Result "1-0"]
[WhiteElo "3122"]
[BlackElo "2915"]
[TimeControl "180+1"]
[EndTime "15:06:31 PDT"]
[Termination "mishanick won by resignation"]

1. d4 g6 2. e4 Bg7 3. c4 d6 4. Be3 c5 5. Ne2 Nc6 6. Nbc3 Qa5 7. d5 Ne5 8. Nc1 Ng4 9. Bd2 Qb6 10. Qb3 Qd8 11. Be2 N8f6 12. Nd3 Nh5 13. f4 e5 14.
dxe6 Qh4+ 15. Kd1 Bxe6 16. Qb5+ Bd7 17. Qxb7 Rd8 18. Kc2 O-O 19. Nd5 Nhf6 20. g3 Qh3 21.
Bf1 Qh5 22. h3 Nxd5 23. Qxd5 Qxd5 24. exd5 Nf6 25. Bg2 Nh5 26. g4 Ng3 27. Rhe1 f5 28. Re3 Ne4 29. Bxe4 fxe4 30. Rxe4 Ba4+ 31. Kc1 Rde8 32.
Re6 Kf7 33. f5 gxf5 34. gxf5 Rxe6 35. fxe6+ Ke8 36. Rb1 Kd8 37. b3 Be8 38. Kc2 Bg6 39. Rg1 Rf3 40. Rxg6 hxg6 41. h4 Bf6 42. Bf4 Ke7 43.
Bg5 Bxg5 44. hxg5 Rf5 45. b4 Rxg5 46. bxc5 Rg4 47. Kc3 Rg3 48. c6 Kd8 49. Kd4 Rg4+ 50. Kc3 Rg3 51. Kd2 Rg2+ 52. Ke3 Rg3+ 53. Ke2 Rg2+ 54. Kf3 Rxa2 55. c5 Ra3 56. Ke4 Ra4+ 57. Ke3 Ke7 58. c7 dxc5 59. c8=Q c4 60. Qc7+ Kf6 61.
Qf7+ Kg5 62. Qf4+ Kh5 63. e7 cxd3 64. Qxa4 1-0

[Event "Late-Titled-Tuesday-Blitz-March-19-2024"]
[Site "Chess.com"]
[Date "2024.03.19"]
[Round "6"]
[White "ACollins05"]
[Black "Godzillator"]
[Result "1/2-1/2"]
[WhiteElo "2548"]
[BlackElo "2405"]
[TimeControl "180+1"]
[EndTime "15:06:37 PDT"]
[Termination "Game drawn by repetition"]

1. d4 d5 2. c4 e6 3. Nf3 Nf6 4. g3 c6 5. Bg2 Be7 6. O-O O-O 7. Nc3 b6 8. Ne5 Bb7 9. e4 dxe4 10. Nxe4 Qc8 11.
Bg5 Nbd7 12. Nxd7 Qxd7 13. Nxf6+ Bxf6 14. Bxf6 gxf6 15. Qg4+ Kh8 16. Rfd1 Rad8 17. Rac1 Qe7 18. Qh4 Kg7 19. Be4 h6 20. Qg4+ Kh8 21. Qf4 Kg7 22. Qg4+ Kh8 23. Qh4 Kg7 24. Rc3 c5 25. Bxb7 Qxb7 26.
Qg4+ Kh8 27. Qf4 Kg7 28. Rf3 Qe7 29. d5 exd5 30. cxd5 Rd6 31. Re3 Qd7 32. g4 Rd8 33. Rh3 Rh8 34. Rh5 Qe7 35. Kf1 b5 36. Re1 Qd7 37.
Qe4 c4 38. Re3 a5 39. Reh3 a4 40. a3 Rh7 41. Ke2 Rh8 42. Kd2 Rd8 43. Kc3 Rxd5 44. Rxd5 Qxd5 45. Qxd5 Rxd5 46. Re3 Kg6 47. h3 Kg5 48. Re7 Kh4 49. Rxf7 Kxh3 50. Rxf6 Kxg4 51. Rxh6 Kf3 52. Rf6+ Ke2 53. f4 Rd3+ 54. Kc2 Rd2+ 55. Kc3 Rd3+ 56. Kc2 Rd2+ 57. Kb1 Rd4 58. Rf5 Kd3 59.
Rxb5 Rxf4 60. Rb4 Rf1+ 61. Ka2 Rf2 62. Kb1 c3 63. bxc3 Kxc3 64. Rxa4 Kb3 65. Rb4+ Kxa3 66. Rb8 Rf1+ 67. Kc2 Rf2+ 68. Kb1 Rf1+ 69. Kc2 Rf2+ 70. Kb1 1/2-1/2

[Event "Late-Titled-Tuesday-Blitz-March-19-2024"]
[Site "Chess.com"]
[Date "2024.03.19"]
[Round "6"]
[White "manitodeplomo"]
[Black "woodhy"]
[Result "1-0"]
[WhiteElo "2665"]
[BlackElo "2520"]
[TimeControl "180+1"]
[EndTime "15:06:38 PDT"]
[Termination "manitodeplomo won by checkmate"]

1. d4 Nf6 2. c4 e6 3. Nf3 b6 4. g3 Bb7 5. Bg2 Bb4+ 6. Bd2 Be7 7. Nc3 Ne4 8. Qc2 f5 9. d5 Nxd2 10. Qxd2 O-O 11. O-O Bf6 12. Nd4 Qc8 13. e4 c5 14. Ndb5 g6 15. Nd6 Qc7 16. Nxb7 Qxb7 17. dxe6 Bxc3 18. Qxc3 fxe4 19. Rfe1 Nc6 20. Bxe4 dxe6 21.
Rad1 Qc7 22. Bxc6 Qxc6 23. Qe5 Rae8 24. f4 Rf5 25. Qe4 Qxe4 26. Rxe4 Re7 27. h4 h5 28.
Kg2 Kf7 29. Kf3 Kf6 30. Rd6 Kf7 31. a4 e5 32. a5 exf4 33. Rxf4 bxa5 34. Ra6 Rb7 35.
Rxa5 Rxf4+ 36. Kxf4 Rxb2 37. Rxa7+ Kf6 38. Ra6+ Kg7 39. Rc6 Rf2+ 40. Ke3 Rg2 41. Kf3 Rb2 42. Rxc5 Rc2 43. Kf4 Rc3 44. Rc6 Kf7 45. Rc5 Kf6 46. Rc8 Kg7 47. c5 Kf7 48. c6 Kg7 49. Ke5 Rxg3 50. Rd8 Rc3 51. Kd6 g5 52. hxg5 h4 53.
c7 h3 54. c8=Q h2 55. Rg8+ Kh7 56. Rh8+ Kg6 57. Qe8+ Kg7 58. Qe5+ Kf7 59. Qxc3 h1=Q 60. Rxh1 Kg6 61. Qf3 Kg7 62. Qf5 Kg8 63. Rb1 Kg7 64. Qf6+ Kh7 65. Rh1+ Kg8 66. Rh8# 1-0

[Event "Late-Titled-Tuesday-Blitz-March-19-2024"]
[Site "Chess.com"]
[Date "2024.03.19"]
[Round "6"]
[White "Baronessa08"]
[Black "Franmu14"]
[Result "1-0"]
[WhiteElo "2597"]
[BlackElo "2712"]
[TimeControl "180+1"]
[EndTime "15:06:39 PDT"]
[Termination "Baronessa08 won by resignation"]

1. d4 d5 2. Bf4 e6 3. e3 Nf6 4. c4 Nbd7 5. Nc3 Bb4 6. Qb3 c5 7. dxc5 Qa5 8. a3 Bxc3+ 9. bxc3 Qxc5 10. Nf3 O-O 11. Be2 Nb6 12. cxd5 Nfxd5 13. Be5 Bd7 14. c4 Qa5+ 15. Kf1 f6 16. Bd4 e5 17. cxd5 exd4 18. d6+ Kh8 19. Nxd4 Rad8 20. Qb4 Qe5 21. Rd1 Ba4 22.
Nf3 Qe6 23. Rd2 Rc8 24. Ne1 Rfd8 25. h4 Rc6 26. h5 h6 27. d7 Rc7 28. Bg4 f5 29.
Bf3 Rcxd7 30. Rxd7 Qxd7 31. Kg1 Bc6 32. Kh2 Nd5 33. Qd4 Qc7+ 34. g3 Nf6 35. Qh4 Bxf3 36. Nxf3 Ng4+ 37. Kg2 Re8 38. Rd1 Qc2 39. Rd2 Qc6 40. Qh1 Ne5 41. Qd1 Kh7 42. Rd4 b5 43. Rf4 Rf8 44. Qb1 Nxf3 45. Rxf3 Re8 46. Qxf5+ Kh8 47.
g4 Qe6 48. Kg3 Qd6+ 49. Rf4 a6 50. Qf7 Rc8 51. Qg6 Qxg6 52. hxg6 Kg8 53. Rd4 Kf8 54. Rd6 a5 55. Ra6 b4 56. axb4 axb4 57. Rb6 Rc4 58. f4 Rc3 59. Kf3 b3 60. f5 Ke7 61. Rb7+ Kf6 62.
Rf7+ Kg5 63. Rxg7 Rc1 64. Rb7 Rg1 65. g7 Rf1+ 66. Ke2 Rb1 67. g8=Q+ 1-0

[Event "Late-Titled-Tuesday-Blitz-March-19-2024"]
[Site "Chess.com"]
[Date "2024.03.19"]
[Round "6"]
[White "Noki102"]
[Black "Smiechu"]
[Result "1-0"]
[WhiteElo "2580"]
[BlackElo "2425"]
[TimeControl "180+1"]
[EndTime "15:06:39 PDT"]
[Termination "Noki102 won by resignation"]

1. d4 Nf6 2. g3 c5 3. dxc5 e6 4.
Nd2 Bxc5 5. Nb3 Be7 6. Bg2 O-O 7. e4 d5 8. exd5 Nxd5 9. Ne2 Nc6 10. O-O Qc7 11. Nf4 Rd8 12. Nxd5 exd5 13. Bf4 Bd6 14. Bxd6 Qxd6 15. Nd4 Nxd4 16. Qxd4 Be6 17. c3 Rac8 18.
Rad1 b6 19. Rd2 Rc4 20. Qe3 Qc5 21. Rfd1 Qxe3 22. fxe3 Re8 23. Bxd5 Bxd5 24. Rxd5 h6 25. Kf2 Re6 26. Rd8+ Kh7 27. R1d7 Rf6+ 28. Ke2 Ra4 29.
a3 Ra5 30. Rd5 Rf5 31. e4 Rh5 32. h4 Re5 33. Kd3 Kg6 34. Kd4 f6 35. R8d7 Ra4+ 36. c4 b5 37. Rc7 bxc4 38. Rxe5 c3+ 39. Kxc3 fxe5 40. Kd3 Rd4+ 41. Ke3 Ra4 42. g4 Kf6 43. Rc6+ Ke7 44. Rc5 Ke6 45. g5 hxg5 46. hxg5 Kd6 47. Rd5+ Ke6 48. Rb5 Ra6 49. Rb7 Ra4 50. Rxg7 a6 51.
Rg6+ Ke7 52. Rb6 Ra5 53. g6 Kf8 54. Kf3 Ra4 55. Re6 Kg7 56. Rxe5 Kxg6 57. Re6+ Kg5 58.
Rb6 Ra5 59. Ke3 Ra4 60. e5 Kf5 61. e6 Kf6 62. Kd3 Ke7 63. Kc3 a5 64. Ra6 Re4 65. Rxa5 Kxe6 66. Rc5 Kd6 67. Rc4 Re2 68. Kb3 Kd5 69. Rc1 Re3+ 70. Ka2 Re2 71. a4 Kd6 72. Ka3 Re3+ 73. b3 Kd5 74. a5 Re2 75. Ka4 Ra2+ 76.
Kb5 Ra3 77. b4 1-0

[Event "Late-Titled-Tuesday-Blitz-March-19-2024"]
[Site "Chess.com"]
[Date "2024.03.19"]
[Round "6"]
[White "Supelyel"]
[Black "Likvidator228"]
[Result "1/2-1/2"]
[WhiteElo "2390"]
[BlackElo "2557"]
[TimeControl "180+1"]
[EndTime "15:06:39 PDT"]
[Termination "Game drawn by repetition"]

1. c4 c6 2. g3 d5 3. Bg2 Nf6 4. Nf3 Bf5 5. b3 e6 6. Bb2 h6 7. d3 Nbd7 8. Nbd2 Be7 9. a3 O-O 10. O-O a5 11. Rc1 Rc8 12. Rc2 Re8 13. Qa1 Bh7 14. Rfc1 Bd6 15. c5 Bc7 16. b4 axb4 17. axb4 Ra8 18. Qb1 e5 19. Bh3 e4 20. Ne1 exd3 21.
exd3 Ne5 22. Rc3 h5 23. Rb3 h4 24. Bd4 hxg3 25. hxg3 Neg4 26. Nef3 Ne5 27. Bf1 Nxf3+ 28. Nxf3 Qd7 29. Qb2 Qf5 30. Nh4 Qg5 31. Nf3 Qg6 32. Bg2 Nd7 33. b5 f6 34. b6 Be5 35. Ra1 Bxd4 36. Qxd4 Rxa1+ 37. Qxa1 Nxc5 38. Rc3 Nxd3 39. Qa7 Qf7 40. Nd4 Ne5 41. Qa1 Be4 42. Ra3 Bxg2 43. Kxg2 Nc4 44. Ra8 Rxa8 45. Qxa8+ Kh7 46. Qd8 Ne5 47. Qc7 Kg6 48. Qc8 Nc4 49. Qf5+ Kh6 50.
Qh3+ Kg6 51. Qg4+ Kh7 52. Qh4+ Kg8 53. Qg4 Qe7 54. Qc8+ Kf7 55. Nf5 Qe4+ 56. Kh2 g6 57. Qd7+ Kf8 58. Qg7+ Ke8 59. Qxg6+ Kd7 60. Qf7+ Kd8 61.
Qxf6+ Kd7 62. Qf7+ Kd8 63. Ng7 Qh7+ 64. Kg1 Qb1+ 65.
Kg2 Qe4+ 66. Kh2 Qh7+ 67. Kg1 Qb1+ 68. Kg2 Qe4+ 69. Kh2 1/2-1/2

[Event "Late-Titled-Tuesday-Blitz-March-19-2024"]
[Site "Chess.com"]
[Date "2024.03.19"]
[Round "6"]
[White "jaramsdal"]
[Black "YEIKO2017"]
[Result "1-0"]
[WhiteElo "2296"]
[BlackElo "2468"]
[TimeControl "180+1"]
[EndTime "15:06:41 PDT"]
[Termination "jaramsdal won on time"]

1. Nf3 c5 2. g3 g6 3. Bg2 Bg7 4. O-O Nc6 5. c3 e5 6. d4 exd4 7. cxd4 cxd4 8. Bg5 Nge7 9. Nbd2 h6 10. Bxe7 Qxe7 11.
Nb3 Qf6 12. Qd3 d6 13. Rfd1 Bf5 14. Qb5 O-O 15. Nfxd4 Nxd4 16. Nxd4 Bg4 17. h3 Bc8 18. e3 Qe5 19. Rd2 a6 20. Qb4 Qc5 21. a3 a5 22.
Qb3 a4 23. Qb4 Ra6 24. Rad1 Qxb4 25. axb4 Rb6 26. b5 Bxd4 27. Rxd4 Rxb5 28. Rxa4 Rxb2 29. Rxd6 b5 30. Ra7 Be6 31. Bd5 Bxh3 32. Rxg6+ Kh7 33. Rf6 Kg7 34. Rfxf7+ Rxf7 35. Rxf7+ Kg6 36. Rb7 b4 37. Be4+ Kf6 38. Rb6+ Ke5 39. Bg2 Be6 40. Bf3 b3 41. Kg2 Rd2 42. Bh5 b2 43. Bg6 Ba2 44.
Bh7 h5 45. Bg6 Kd5 46. Bh7 Kc5 47. Rb8 Bc4 48. Bg6 Bb5 49. Bf5 Rd5 50. Be4 Rd1 51. Bg6 b1=Q 52. Bxb1 Rxb1 53. Rh8 Be2 54. f3 Rb2 55. Rxh5+ Kc4 56. Rh4+ Kd3 57. Rf4 Kxe3 58. Kh3 Bxf3 59. Rf6 Rb5 60. g4 Rg5 61. Re6+ Kf2 62. Re7 Rxg4 63. Re5 1-0

[Event "Late-Titled-Tuesday-Blitz-March-19-2024"]
[Site "Chess.com"]
[Date "2024.03.19"]
[Round "6"]
[White "Mr_Heisenberg13"]
[Black "M1711"]
[Result "0-1"]
[WhiteElo "2913"]
[BlackElo "2654"]
[TimeControl "180+1"]
[EndTime "15:06:42 PDT"]
[Termination "M1711 won by resignation"]

1. e4 c6 2. d4 d5 3. e5 g6 4.
h4 h5 5. c4 Bg7 6. Nc3 Nh6 7.
cxd5 cxd5 8. Bd3 Nc6 9. Nge2 Nf5 10. Bb5 Qb6 11. Bg5 Be6 12. O-O O-O 13. Bxc6 bxc6 14. Na4 Qb4 15. b3 f6 16. Bd2 Qb8 17. Nf4 Bf7 18.
Nc5 fxe5 19. dxe5 Bxe5 20. Nd7 Qd6 21. Nxe5 Qxe5 22. Rc1 Qd6 23. Nd3 Rfe8 24. Bb4 Qf6 25. f4 Ne3 26. Qd2 Nxf1 27. Rxf1 Qxh4 28. Ne5 Qf6 29.
Bc5 a5 30. Rf3 a4 31. b4 d4 32. Rg3 Rad8 33. Qd3 Kh7 34. Rg5 Qxf4 35. Rxg6 Qe3+ 36. Qxe3 dxe3 37. Rg3 Rd1+ 38. Kh2 e2 39. Bf2 Be6 40. Re3 Bxa2 41. Rxe2 Bd5 42. Re3 Rg8 43. g4 Rd2 44. Kg3 h4+ 45. Kxh4 Rxf2 46. Nd3 Rh2+ 47. Kg3 Rd2 48. Kh3 Rf8 49. Rxe7+ Kg8 50. Ne5 Re2 51. g5 Rf7 52. Re8+ Kg7 53. g6 Rxe5 54. gxf7 Rh5+ 55. Kg4 Bxf7 56. Ra8 Rb5 57. Rxa4 Kf6 58. Kf4 Bd5 59. Ke3 Ke5 60. Kd3 Rb8 61. Kc3 Rh8 62. Ra7 Rh3+ 63. Kb2 Kd4 64. Rg7 Rh2+ 65. Kb1 Kc4 66.
Rg4+ Kb3 67. Kc1 Rc2+ 68. Kd1 Bf3+ 0-1

[Event "Late-Titled-Tuesday-Blitz-March-19-2024"]
[Site "Chess.com"]
[Date "2024.03.19"]
[Round "6"]
[White "BabageldiAnnaberdiyev"]
[Black "dolynachess"]
[Result "1/2-1/2"]
[WhiteElo "2626"]
[BlackElo "2514"]
[TimeControl "180+1"]
[EndTime "15:06:42 PDT"]
[Termination "Game drawn by stalemate"]

1. e4 c5 2. Nf3 d6 3. d3 Nf6 4.
Nbd2 g6 5. g3 Bg7 6. Bg2 O-O 7.
O-O Bg4 8. Re1 Nc6 9. h3 Bxf3 10. Nxf3 Rb8 11. c3 b5 12. d4 b4 13. Bg5 bxc3 14. bxc3 h6 15. Bd2 Nd7 16. Be3 Qa5 17. Rc1 Rb2 18.
e5 dxe5 19. Nd2 exd4 20. Nc4 Qxa2 21. Nxb2 dxe3 22. fxe3 Nde5 23. Nd3 Rd8 24. Rc2 Qa6 25.
Rd2 Rxd3 26. Rxd3 Nxd3 27. Bf1 c4 28. Re2 Nce5 29. Bg2 Qb6 30. Kh2 h5 31. Qa4 h4 32.
Qe8+ Kh7 33. Qxe7 hxg3+ 34. Kxg3 a5 35. Be4 a4 36. h4 Qb1 37. h5 Qg1+ 38. Bg2 gxh5 39.
Kh3 a3 40. Be4+ Kh6 41. Bg2 a2 42. Qd6+ Kh7 43. Be4+ Ng6 44. Bxg6+ Qxg6 45. Qxg6+ fxg6 46. Rxa2 Bxc3 47. Rc2 Bf6 48. Rxc4 Ne5 49. Rc7+ Kh6 50. e4 Kg5 51. Kg3 h4+ 52. Kh3 Kh5 53. Rh7+ Kg5 54. Ra7 Nf3 55. Ra6 Be5 56. Ra5 Kf4 57.
Ra8 g5 58. Rf8+ Ke3 59. Kg4 Bf4 60. Kf5 h3 61. Rh8 h2 62. e5 Nh4+ 63. Rxh4 gxh4 64. e6 h1=Q 65. e7 Qe4+ 66. Kg4 Qxe7 67. Kh3 Qe5 68. Kg4 Qe4 69. Kh3 Be5 1/2-1/2

[Event "Late-Titled-Tuesday-Blitz-March-19-2024"]
[Site "Chess.com"]
[Date "2024.03.19"]
[Round "6"]
[White "VD_coach"]
[Black "Alexei_Gubajdullin"]
[Result "1/2-1/2"]
[WhiteElo "2515"]
[BlackElo "2652"]
[TimeControl "180+1"]
[EndTime "15:06:43 PDT"]
[Termination "Game drawn - insufficient material"]

1. Nf3 Nf6 2. d4 g6 3. c4 Bg7 4.
g3 d6 5. Bg2 O-O 6. O-O Nbd7 7.
Nc3 e5 8. dxe5 dxe5 9. h3 e4 10.
Ng5 Ne5 11. Ngxe4 Nxe4 12. Nxe4 Nxc4 13. Qxd8 Rxd8 14. Bg5 Re8 15. Nf6+ Bxf6 16. Bxf6 Rxe2 17.
Rfc1 Nd6 18. Rxc7 Ne8 19. Re7 Rxe7 20. Bxe7 Bd7 21. Rd1 Bc6 22. Bxc6 bxc6 23. Rd7 a5 24. Rd8 Rxd8 25. Bxd8 a4 26. Kf1 Nd6 27. Ke2 f5 28. Kd3 Kf7 29. f3 Ke6 30. Kc3 c5 31. b3 a3 32. Ba5 Kd5 33. Kc2 Nb5 34. Bc3 h5 35. Kd3 Nc7 36. Bd2 Ne6 37. Bc1 Nd4 38. Bxa3 Nxf3 39. Bb2 g5 40. a4 g4 41. hxg4 fxg4 42. Ke3 Ng5 43. a5 Ne6 44. a6 Kc6 45. Ke4 Kb6 46.
Kf5 Nd4+ 47. Kg5 Ne2 48. Kxh5 Nxg3+ 49. Kxg4 Ne4 50. Ba3 Kxa6 51. Bxc5 Nxc5 52. b4 Na4 53. b5+ Kb6 54. Kh3 Nc5 55. Kg2 Nd3 56. Kh1 Nf4 57.
Kh2 Ne2 58. Kh3 Nc3 59. Kh4 Ne4 60. Kh5 Nf2 61. Kh6 Ne4 62. Kh7 Nd6 63. Kh8 Nf5 64. Kg8 Ne3 65. Kf8 Nc4 66. Kg7 Nd6 67. Kh6 Nc4 68.
Kg5 Na3 69. Kh4 Nc2 70. Kg3 Nb4 71. Kg2 Nd5 72. Kg1 Nc7 73. Kf1 Ne6 74. Ke1 Ng5 75. Kd1 Nf7 76. Kc1 Ne5 77. Kb1 Nc4 78. Ka1 Nd2 79.
Ka2 Nc4 80. Kb3 Na5+ 81. Kc2 Nb7 82. Kd3 Nd8 83. Ke2 Nf7 84. Kf3 Nh6 85. Kg2 Nf7 86.
Kh3 Nd8 87. Kg4 Nb7 88. Kh5 Nc5 89. Kg6 Ne4 90. Kf7 Nc5 91. Kg8 Nd3 92. Kg7 Ne5 93. Kf6 Nc4 94. Kg5 Na3 95. Kf4 Nxb5 1/2-1/2

[Event "Late-Titled-Tuesday-Blitz-March-19-2024"]
[Site "Chess.com"]
[Date "2024.03.19"]
[Round "6"]
[White "mind1mover"]
[Black "profedechess93"]
[Result "1/2-1/2"]
[WhiteElo "2809"]
[BlackElo "2658"]
[TimeControl "180+1"]
[EndTime "15:06:44 PDT"]
[Termination "Game drawn by stalemate"]

1. e4 e6 2. d4 d5 3. exd5 exd5 4. Nf3 Bg4 5. h3 Bh5 6. c4 Nc6 7. Be3 Bb4+ 8. Nc3 Nf6 9. Be2 O-O 10. O-O Re8 11.
Qb3 Bxc3 12. bxc3 Na5 13. Qb4 Nxc4 14. Bxc4 dxc4 15. Ne5 Nd5 16. Qxc4 f6 17. Nd3 Bf7 18. Qc5 b6 19. Qa3 Nxe3 20. fxe3 Rxe3 21. Nf4 Qxd4 22. cxd4 Rxa3 23. Rac1 Rc8 24. d5 Ra5 25. Rfe1 Bxd5 26. Re7 Bf7 27. Rcxc7 Rxc7 28. Rxc7 g5 29. Ne2 Rxa2 30.
Ng3 Bd5 31. Nh5 Rxg2+ 32. Kf1 Rd2 33. Nxf6+ Kf8 34. Nxh7+ Ke8 35. Nf6+ Kd8 36. Rd7+ Kc8 37. Rxd5 Rxd5 38. Nxd5 Kd7 39. Ke2 Ke6 40. Ne3 Ke5 41. Kf3 b5 42. Kg4 Kf6 43. Nd5+ Kg6 44. Ne7+ Kf6 45. Nc6 a6 46. Kg3 Kf5 47. Kf3 Kf6 48. Ke4 Kg6 49. Kf3 Kh5 50. Kg3 Kg6 51. Kg4 Kf6 52. Na5 Kg6 53. Nb7 Kf6 54. Nc5 a5 55.
Ne4+ Kg6 56. Nxg5 a4 57. Ne4 b4 58. Nc5 a3 59. Nb3 Kh6 60. h4 Kg6 61. h5+ Kh6 62. Kh4 Kh7 63. Kg5 Kg7 64. h6+ Kh7 65. Kh5 Kg8 66. Kg6 Kh8 67. h7 a2 68. Kh6 a1=Q 69.
Nxa1 b3 70. Nxb3 1/2-1/2

[Event "Late-Titled-Tuesday-Blitz-March-19-2024"]
[Site "Chess.com"]
[Date "2024.03.19"]
[Round "6"]
[White "HajiyevKanan"]
[Black "CheckThis4"]
[Result "0-1"]
[WhiteElo "2510"]
[BlackElo "2673"]
[TimeControl "180+1"]
[EndTime "15:06:46 PDT"]
[Termination "CheckThis4 won by resignation"]

1. d4 Nf6 2. Nf3 g6 3. g3 Bg7 4. Bg2 O-O 5. O-O d5 6. b3 c5 7. Bb2 Nc6 8. e3 cxd4 9. Nxd4 Bd7 10. Nxc6 Bxc6 11. c4 dxc4 12. Bxc6 bxc6 13. bxc4 Qc8 14. Nd2 Qh3 15. Bxf6 Bxf6 16. Rb1 Rfd8 17. Qe2 Qf5 18. Nb3 h5 19. Rfd1 h4 20. g4 Qe6 21. h3 Rxd1+ 22. Rxd1 a5 23. Qc2 Qe5 24. Nd4 Qc5 25. Qa4 Bxd4 26.
exd4 Qd6 27. Qb3 Rb8 28. c5 Qc7 29. Qc2 Qf4 30. Qd2 Qf3 31. Qd3 Qd5 32. Qe2 e6 33. Qe5 Rb2 34. Qf6 Qxa2 35. Qd8+ Kg7 36. Qxh4 Qb3 37.
Re1 Rb1 38. Rxb1 Qxb1+ 39. Kh2 Qe4 40. Qe7 Qxd4 41. Kg2 Qd5+ 42. f3 a4 43. Qa7 Qa2+ 44. Kg3 Qb3 45. Qc7 Qd5 46. Qa7 e5 47. Qxa4 Qxc5 48. Qe4 Qd4 49. Qxc6 Qg1+ 50. Kh4 Qf2+ 51. Kg5 Qe3+ 52. Kh4 Qe1+ 53. Kg5 Qd2+ 54. Kh4 Qe1+ 55. Kg5 Qg3 56. Qf6+ Kg8 57. Kh6 Qxh3+ 58. Kg5 Qh2 59. f4 Qxf4+ 60. Qxf4 exf4 61. Kxf4 Kg7 62. g5 Kf8 63.
Ke4 Ke8 64. Kd5 Kd7 65. Ke5 Ke7 66. Kd5 f6 67. gxf6+ Kxf6 68. Ke4 Kg5 69. Kf3 Kh4 70. Kg2 Kg4 71. Kg1 Kg3 72. Kh1 g5 73. Kg1 g4 74.
Kf1 Kh2 0-1

[Event "Late-Titled-Tuesday-Blitz-March-19-2024"]
[Site "Chess.com"]
[Date "2024.03.19"]
[Round "6"]
[White "ilushka"]
[Black "Yurovskykh_Oleksandr"]
[Result "1-0"]
[WhiteElo "2400"]
[BlackElo "2577"]
[TimeControl "180+1"]
[EndTime "15:06:46 PDT"]
[Termination "ilushka won on time"]

1. Nf3 d5 2. g3 Nf6 3. Bg2 Bf5 4. c4 e6 5. cxd5 exd5 6. O-O c6 7. Nc3 Nbd7 8. d3 h6 9. Qb3 Qb6 10. Qc2 Bh7 11.
e4 dxe4 12. dxe4 Be7 13. Be3 Qa5 14. h3 O-O 15. a3 Rfe8 16. b4 Qc7 17. Rfe1 Bf8 18.
Nd4 a6 19. Rad1 Rad8 20. f4 Qb8 21. Bf2 Nd5 22. Qb3 Nxc3 23. Qxc3 Nf6 24. e5 Nd5 25. Qc4 Ne7 26. Nb3 Rxd1 27. Rxd1 Rd8 28. Qc1 Bf5 29. Bb6 Rxd1+ 30. Qxd1 Be6 31. Bc5 Qc8 32. Kh2 Bd5 33. Bxe7 Bxe7 34. Bxd5 cxd5 35. Qxd5 Qc2+ 36. Nd2 h5 37. h4 Qc3 38. Ne4 Qe3 39. Qxb7 Qe2+ 40. Kg1 Qe1+ 41. Kg2 Qe2+ 42. Nf2 Bf8 43. Qf3 Qc4 44.
Qxh5 Qb3 45. Qf3 Qa4 46. h5 a5 47. bxa5 Qxa5 48. g4 Bxa3 49. g5 Bf8 50. Ng4 Qa2+ 51. Kh3 Qe6 52. f5 Qc4 53. g6 Qb5 54. gxf7+ Kxf7 55.
e6+ Kg8 56. Qe4 Qf1+ 57. Qg2 Qc4 58. Kg3 Bd6+ 59. Kh4 Qc3 60. Qh3 Qe1+ 61. Kg5 Be7+ 62. Kg6 Qa1 63. h6 gxh6 64. Qxh6 1-0